[ PARTIDA AOE2 · #507064181 ]
UnrankedMongoles vs Teutons
Equipo del jugador · VICT
Equipo rival · DERR
[ ANÁLISIS DE REPETICIÓN · EXTRAÍDO DE LA PARTIDA GRABADA ]
Feudal
8:46
Castillos
22:14
Imperial
—
| APM promedio | 65.3 |
| APM pico | 104 |
| eAPM promedio | 31.9 |
| Aldeanos / militares | 55 / 22 |
Foco
⚔️ 30.8% · 🌾 69.2%
Archer ×9 · Knight ×5 · Militia ×4 · Battering Ram ×3 · Steppe Lancer ×1
Feudal
9:22
Castillos
—
Imperial
—
| APM promedio | 41.7 |
| APM pico | 108 |
| eAPM promedio | 19.5 |
| Aldeanos / militares | 55 / 0 |
Foco
⚔️ 31.5% · 🌾 68.5%
Mapa de la partida
Recursos iniciales + cada clic de construcción. Líneas = muros · curvas = relieve. ◆ oro · ⬟ piedra · ● bayas · ✦ reliquia · ◌ hueco del cierre
Tu base· Abierta — flanco sin cerrar
Base de Kamil· Abierta — flanco sin cerrar
Terreno inicial suavizado · ◌ = hueco del cierre detectado · pasá el cursor para detalles
Inputs por minuto
— Cronos - - Kamil
Build order — Cronos
129 acciones detectadas en el replay
| 0:05 | Encolar | Villager (Male) |
| 0:06 | Construir | House |
| 0:08 | Construir | House |
| 0:22 | Encolar | Villager (Male) |
| 0:22 | Encolar | Villager (Male) |
| 0:30 | Encolar | Villager (Male) |
| 0:31 | Encolar | Villager (Male) |
| 1:34 | Encolar | Villager (Male) |
| 1:35 | Encolar | Villager (Male) |
| 1:35 | Encolar | Villager (Male) |
| 2:02 | Encolar | Villager (Male) |
| 2:03 | Encolar | Villager (Male) |
| 2:03 | Encolar | Villager (Male) |
| 2:05 | Construir | Lumber Camp |
| 2:34 | Encolar | Villager (Male) |
| 2:35 | Encolar | Villager (Male) |
| 3:03 | Encolar | Villager (Male) |
| 3:03 | Encolar | Villager (Male) |
| 3:09 | Encolar | Villager (Male) |
| 3:41 | Encolar | Villager (Male) |
| 3:42 | Encolar | Villager (Male) |
| 4:02 | Construir | House |
| 4:17 | Encolar | Villager (Male) |
| 4:18 | Encolar | Villager (Male) |
| 4:18 | Encolar | Villager (Male) |
| 4:39 | Construir | Barracks |
| 4:54 | Encolar | Villager (Male) |
| 4:55 | Encolar | Villager (Male) |
| 5:24 | Encolar | Villager (Male) |
| 5:24 | Investigar | Loom |
| 5:51 | Construir | House |
| 6:24 | Construir | Mining Camp |
| 6:36 | Investigar | Feudal Age |
| 6:59 | Encolar | Militia |
| 7:30 | Encolar | Militia |
| 7:57 | Encolar | Militia |
| 7:57 | Encolar | Militia |
| 8:06 | Construir | Mill |
| 8:26 | Encolar | Villager (Male) |
| 8:36 | Construir | House |
| 8:46 | Edad | Edad Feudal |
| 9:07 | Investigar | Man-at-Arms (upgrade) |
| 9:36 | Encolar | Villager (Male) |
| 9:36 | Encolar | Villager (Male) |
| 9:38 | Construir | Archery Range |
| 10:35 | Encolar | Archer |
| 10:41 | Construir | House |
| 10:51 | Construir | House |
| 10:52 | Encolar | Villager (Male) |
| 11:00 | Construir | Farm |
| 11:00 | Construir | Farm |
| 11:00 | Construir | Farm |
| 11:00 | Construir | Farm |
| 11:14 | Encolar | Archer |
| 11:31 | Construir | Farm |
| 11:37 | Construir | Farm |
| 11:40 | Encolar | Villager (Male) |
| 12:00 | Encolar | Villager (Male) |
| 12:13 | Encolar | Archer |
| 12:28 | Construir | Watch Tower |
| 12:41 | Encolar | Villager (Male) |
| 12:48 | Encolar | Villager (Male) |
| 13:25 | Encolar | Archer |
| 13:39 | Encolar | Villager (Male) |
| 14:18 | Construir | Farm |
| 14:26 | Encolar | Villager (Male) |
| 14:26 | Encolar | Villager (Male) |
| 14:40 | Encolar | Villager (Male) |
| 14:41 | Construir | Blacksmith |
| 14:51 | Encolar | Villager (Male) |
| 14:52 | Encolar | Villager (Male) |
| 14:52 | Encolar | Archer |
| 15:09 | Encolar | Villager (Male) |
| 15:20 | Encolar | Villager (Male) |
| 15:21 | Construir | Lumber Camp |
| 15:30 | Encolar | Villager (Male) |
| 15:42 | Construir | Farm |
| 15:45 | Investigar | Fletching |
| 15:48 | Encolar | Villager (Male) |
| 16:02 | Encolar | Villager (Male) |
| 16:04 | Construir | Farm |
| 16:07 | Encolar | Villager (Male) |
| 16:29 | Encolar | Archer |
| 16:31 | Encolar | Villager (Male) |
| 16:34 | Encolar | Villager (Male) |
| 16:36 | Construir | Farm |
| 16:37 | Construir | Farm |
| 16:47 | Encolar | Villager (Male) |
| 17:03 | Encolar | Villager (Male) |
| 17:42 | Construir | House |
| 17:45 | Construir | House |
| 17:51 | Construir | Farm |
| 17:57 | Construir | Market |
| 18:05 | Encolar | Archer |
| 18:12 | Construir | Palisade Wall |
| 19:08 | Encolar | Archer |
| 19:12 | Construir | House |
| 19:14 | Construir | House |
| 19:34 | Investigar | Castle Age |
| 19:34 | Investigar | Castle Age |
| 19:41 | Construir | House |
| 19:43 | Construir | Palisade Wall |
| 19:50 | Encolar | Villager (Male) |
| 20:22 | Encolar | Villager (Male) |
| 20:46 | Encolar | Villager (Male) |
| 21:10 | Encolar | Villager (Male) |
| 21:31 | Encolar | Archer |
| 21:36 | Construir | Stable |
| 21:39 | Construir | Lumber Camp |
| 22:03 | Construir | House |
| 22:04 | Construir | House |
| 22:07 | Encolar | Villager (Male) |
| 22:14 | Edad | Edad de los Castillos |
| 22:17 | Construir | Siege Workshop |
| 22:25 | Investigar | Bodkin Arrow |
| 22:26 | Investigar | Bodkin Arrow |
| 22:26 | Investigar | Bodkin Arrow |
| 22:45 | Encolar | Battering Ram |
| 22:49 | Encolar | Knight |
| 22:49 | Encolar | Knight |
| 22:59 | Construir | Mining Camp |
| 23:03 | Encolar | Battering Ram |
| 23:53 | Encolar | Steppe Lancer |
| 24:24 | Encolar | Villager (Male) |
| 24:28 | Encolar | Knight |
| 25:04 | Encolar | Villager (Male) |
| 26:33 | Encolar | Knight |
| 26:47 | Encolar | Knight |
| 26:49 | Encolar | Battering Ram |
Build order — Kamil
108 acciones detectadas en el replay
| 0:01 | Encolar | Villager (Male) |
| 0:01 | Encolar | Villager (Male) |
| 0:02 | Construir | House |
| 0:03 | Construir | House |
| 0:19 | Encolar | Villager (Male) |
| 0:24 | Encolar | Villager (Male) |
| 1:25 | Encolar | Villager (Male) |
| 1:25 | Encolar | Villager (Male) |
| 1:57 | Encolar | Villager (Male) |
| 1:57 | Encolar | Villager (Male) |
| 2:22 | Encolar | Villager (Male) |
| 2:26 | Encolar | Villager (Male) |
| 2:57 | Encolar | Villager (Male) |
| 2:57 | Encolar | Villager (Male) |
| 2:58 | Construir | House |
| 3:52 | Encolar | Villager (Male) |
| 3:52 | Encolar | Villager (Male) |
| 3:53 | Encolar | Villager (Male) |
| 3:59 | Encolar | Villager (Male) |
| 3:59 | Encolar | Villager (Male) |
| 4:00 | Encolar | Villager (Male) |
| 5:01 | Encolar | Villager (Male) |
| 5:01 | Encolar | Villager (Male) |
| 5:07 | Encolar | Villager (Male) |
| 5:07 | Encolar | Villager (Male) |
| 6:18 | Investigar | Loom |
| 6:23 | Encolar | Villager (Male) |
| 6:29 | Construir | Mining Camp |
| 6:35 | Construir | Lumber Camp |
| 7:12 | Investigar | Feudal Age |
| 7:12 | Investigar | Feudal Age |
| 8:44 | Construir | House |
| 9:22 | Edad | Edad Feudal |
| 9:27 | Construir | Watch Tower |
| 9:38 | Construir | Watch Tower |
| 9:57 | Construir | Watch Tower |
| 10:58 | Construir | Watch Tower |
| 11:23 | Encolar | Villager (Male) |
| 11:23 | Encolar | Villager (Male) |
| 11:23 | Encolar | Villager (Male) |
| 11:56 | Construir | Watch Tower |
| 12:02 | Encolar | Villager (Male) |
| 12:03 | Encolar | Villager (Male) |
| 12:03 | Encolar | Villager (Male) |
| 12:24 | Encolar | Villager (Male) |
| 12:33 | Encolar | Villager (Male) |
| 12:38 | Encolar | Villager (Male) |
| 12:45 | Construir | Watch Tower |
| 13:00 | Construir | Watch Tower |
| 14:17 | Construir | Watch Tower |
| 14:21 | Encolar | Villager (Male) |
| 14:33 | Encolar | Villager (Male) |
| 14:44 | Construir | Palisade Wall |
| 15:09 | Construir | Palisade Wall |
| 15:12 | Construir | Palisade Wall |
| 15:14 | Construir | Palisade Wall |
| 15:18 | Encolar | Villager (Male) |
| 15:18 | Encolar | Villager (Male) |
| 15:40 | Construir | House |
| 15:57 | Construir | Watch Tower |
| 16:06 | Construir | Watch Tower |
| 16:15 | Construir | Mill |
| 16:52 | Construir | Watch Tower |
| 17:28 | Construir | Watch Tower |
| 17:30 | Encolar | Villager (Male) |
| 17:30 | Encolar | Villager (Male) |
| 17:56 | Encolar | Villager (Male) |
| 18:00 | Construir | Farm |
| 18:16 | Construir | House |
| 18:41 | Construir | Watch Tower |
| 18:42 | Encolar | Villager (Male) |
| 18:42 | Encolar | Villager (Male) |
| 18:52 | Encolar | Villager (Male) |
| 19:12 | Construir | Farm |
| 19:30 | Construir | Watch Tower |
| 19:31 | Encolar | Villager (Male) |
| 19:35 | Construir | Farm |
| 19:36 | Encolar | Villager (Male) |
| 19:54 | Encolar | Villager (Male) |
| 21:08 | Construir | Watch Tower |
| 21:10 | Encolar | Villager (Male) |
| 21:10 | Encolar | Villager (Male) |
| 21:21 | Construir | Lumber Camp |
| 21:29 | Encolar | Villager (Male) |
| 21:32 | Construir | Watch Tower |
| 21:41 | Construir | Farm |
| 21:59 | Encolar | Villager (Male) |
| 22:05 | Construir | House |
| 22:14 | Construir | House |
| 22:32 | Construir | Watch Tower |
| 22:34 | Encolar | Villager (Male) |
| 22:59 | Encolar | Villager (Male) |
| 23:05 | Construir | Farm |
| 23:06 | Construir | Farm |
| 23:08 | Construir | Farm |
| 23:09 | Construir | Farm |
| 23:17 | Construir | Watch Tower |
| 23:28 | Construir | House |
| 23:39 | Construir | House |
| 23:46 | Construir | Farm |
| 24:07 | Encolar | Villager (Male) |
| 24:17 | Construir | Farm |
| 24:39 | Encolar | Villager (Male) |
| 24:42 | Construir | Farm |
| 25:20 | Encolar | Villager (Male) |
| 25:20 | Encolar | Villager (Male) |
| 25:23 | Construir | Farm |
| 25:40 | Construir | Watch Tower |
Cronología de la partida
| 4:39 | Cronos · first_building Barracks |
| 8:46 | Cronos · age_up feudal |
| 9:22 | Kamil · age_up feudal |
| 9:38 | Cronos · first_building Archery Range |
| 14:44 | Kamil · wall_segment Palisade Wall x1 |
| 15:09 | Kamil · wall_segment Palisade Wall x1 |
| 15:12 | Kamil · wall_segment Palisade Wall x1 |
| 15:14 | Kamil · wall_segment Palisade Wall x1 |
| 18:12 | Cronos · wall_segment Palisade Wall x1 |
| 19:24 | Cronos · first_market_sell 100 wood |
| 19:26 | Cronos · first_market_buy 100 food |
| 19:43 | Cronos · wall_segment Palisade Wall x1 |
| 21:36 | Cronos · first_building Stable |
| 22:14 | Cronos · age_up castle |
| 22:17 | Cronos · first_building Siege Workshop |
| 27:16 | Kamil · resign |
[ ANÁLISIS IA · 1 CRÉDITO ]
¿Qué pasó realmente en esta partida?
Wolo.gg analiza cada decisión: build order, eco, micro, errores típicos por bracket. Análisis personalizado por WhatsApp o Discord en 30 segundos.
Guía civ
Mongoles
Perfil
Jugador #2540215